[Event "Titled Tuesday Blitz October 19 2021"]
[White "Le, Tuan Minh"]
[Black "Jaracz, Pawel"]
[WhiteFideId "12401153"]
[BlackFideId "1102222"]
[WhiteElo "2450"]
[BlackElo "2495"]
[Result "1-0"]
[Round "05"]
[TimeControl "180+1"]
[Date "2021.10.19"]
[WhiteClock "0:00:09"]
[BlackClock "0:00:26"]

1. d4 Nf6 2. Nf3 e6 3. Bf4 c5 4. c3 d5 5. e3 Qb6 6. Qc2 Bd6 7. Bg3 O-O 8. Nbd2 Rd8 9. Bh4 Nbd7 10. Bd3 Re8 11. O-O h6 12. Rfe1 Qc7 13. c4 cxd4 14. Nxd4 Bxh2+ 15. Kh1 Be5 16. N2f3 dxc4 17. Qxc4 Qxc4 18. Bxc4 a6 19. Nxe5 Nxe5 20. Be2 Ne4 21. f4 Ng6 22. Bf3 Nc5 23. Bg3 e5 24. Nb3 Nd3 25. Red1 exf4 26. exf4 Ngxf4 27. Rd2 Bf5 28. Rad1 Re7 29. Na5 g5 30. Bxb7 Rb8 31. Bxa6 Re3 32. Bxd3 Nxd3 33. Bxb8 Be4 34. Nc4 Rg3 35. Kg1 Rg4 36. Ne3 Rh4 37. Rxd3 1-0


[Site "https://www.chess.com"]

[Event "Titled Tuesday Blitz October 19 2021"]
[White "Leitao, Rafael"]
[Black "Bortnyk, Olexandr"]
[WhiteFideId "2101246"]
[BlackFideId "14120828"]
[WhiteElo "2609"]
[BlackElo "2723"]
[Result "0-1"]
[Round "05"]
[TimeControl "180+1"]
[Date "2021.10.19"]
[WhiteClock "0:00:15"]
[BlackClock "0:00:47"]

1. c4 f5 2. Nc3 Nf6 3. g3 d6 4. Bg2 g6 5. d3 Bg7 6. e4 c6 7. Nge2 O-O 8. O-O a5 9. h3 Na6 10. Be3 e5 11. Qd2 fxe4 12. dxe4 Be6 13. b3 Qd7 14. Rad1 Ne8 15. Kh2 Qc7 16. f4 Rd8 17. Na4 Rd7 18. Bb6 Qb8 19. Bxa5 Rdf7 20. Bb6 h5 21. fxe5 Rxf1 22. Rxf1 Rxf1 23. Bxf1 Bxe5 24. Qg5 Bf7 25. Bd8 b5 26. cxb5 cxb5 27. Nac3 Nc5 28. Be7 Qb7 29. Nf4 Bxc3 30. Nxg6 Nxe4 31. Qh6 Bg7 32. Qxh5 Bxg6 33. Qxg6 Qxe7 34. Bxb5 N8f6 35. Bd3 d5 36. Qf5 Qd6 37. Qc8+ Bf8 38. Qf5 Qxg3+ 0-1


[Site "https://www.chess.com"]

[Event "Titled Tuesday Blitz October 19 2021"]
[White "Lugovskoy, Maxim"]
[Black "Nozdrachev, Leonid"]
[WhiteFideId "24126454"]
[BlackFideId "24113433"]
[WhiteElo "2466"]
[BlackElo "2124"]
[Result "1-0"]
[Round "05"]
[TimeControl "180+1"]
[Date "2021.10.19"]
[WhiteClock "0:02:32"]
[BlackClock "0:01:49"]

1. d4 Nf6 2. Nc3 d5 3. Bf4 a6 4. e3 g6 5. h4 h5 6. Nf3 Bg4 7. Be2 e6 8. Ne5 Nbd7 9. Nxg4 hxg4 10. Bxg4 Nxg4 11. Qxg4 Nf6 12. Qf3 Nh5 13. O-O-O Nxf4 14. Qxf4 Bd6 15. Qg4 Qf6 16. f4 O-O-O 17. g3 Kb8 18. Qg5 Qg7 19. h5 Rh6 20. Qxd8+ 1-0


[Site "https://www.chess.com"]

[Event "Titled Tuesday Blitz October 19 2021"]
[White "Maly, Alexey"]
[Black "Iskusnyh, Sergei"]
[WhiteFideId "14103184"]
[BlackFideId "4120027"]
[WhiteElo "2294"]
[BlackElo "2492"]
[Result "0-1"]
[Round "05"]
[TimeControl "180+1"]
[Date "2021.10.19"]
[WhiteClock "0:00:02"]
[BlackClock "0:00:10"]

1. d4 d5 2. c4 c6 3. e3 Nf6 4. Bd3 a6 5. Nd2 Bg4 6. Qc2 e6 7. Ngf3 Nbd7 8. O-O dxc4 9. Nxc4 Bxf3 10. gxf3 c5 11. dxc5 Nxc5 12. Be2 Be7 13. Kh1 Rc8 14. b3 Nd5 15. Bb2 O-O 16. Rad1 b5 17. Ne5 Na4 18. Nc6 Rxc6 19. Qxc6 Nxb2 20. Rd2 Bf6 21. e4 Qa5 22. Rxb2 Bxb2 23. exd5 exd5 24. a4 Qd2 25. Bd1 bxa4 26. bxa4 a5 27. Qc5 Be5 28. Rg1 Qf4 29. Rg2 d4 30. Qxa5 g6 31. Qc5 Rb8 32. Qc2 Kg7 33. Be2 Rb7 34. Qe4 Rb2 35. Bd3 Ra2 36. Qxf4 Bxf4 37. Rg4 g5 38. h4 h6 39. hxg5 hxg5 40. Rg1 Rxf2 41. Rf1 Rd2 42. Bb5 Ra2 43. Rd1 Be3 44. Bc6 Kf6 45. Bb5 Ke5 46. Rb1 Kf4 47. Rd1 Kg3 0-1


[Site "https://www.chess.com"]

[Event "Titled Tuesday Blitz October 19 2021"]
[White "Matsenko, Andrei"]
[Black "Taichman, Ori"]
[WhiteFideId "24146501"]
[BlackFideId "2804069"]
[WhiteElo "2179"]
[BlackElo "2227"]
[Result "1-0"]
[Round "05"]
[TimeControl "180+1"]
[Date "2021.10.19"]
[WhiteClock "0:00:43"]
[BlackClock "0:00:22"]

1. Nf3 g6 2. b3 Bg7 3. d4 c5 4. Bb2 Nf6 5. e3 Ne4 6. Bd3 Qa5+ 7. c3 cxd4 8. exd4 d5 9. O-O Bf5 10. Qe2 Nc6 11. Nh4 e6 12. Nxf5 gxf5 13. f3 Nd6 14. Nd2 Qb6 15. Kh1 h5 16. Ba3 O-O-O 17. Rac1 Kb8 18. Bc5 Qc7 19. a4 h4 20. h3 f4 21. Bb5 Nf5 22. Kh2 Ng3 23. Qd3 Nxf1+ 24. Rxf1 Rhg8 25. a5 e5 26. Bxc6 e4 27. fxe4 f3+ 28. e5 Bxe5+ 29. dxe5 Qxe5+ 30. Kh1 fxg2+ 31. Kg1 gxf1=Q+ 32. Kxf1 bxc6 33. Qa6 Rd7 34. Qxc6 Qc7 35. Qb5+ Qb7 36. Qe2 d4 37. Qh2+ Ka8 38. c4 d3 39. a6 Rdd8 40. axb7+ Kxb7 41. Qe5 f6 42. Qe7+ Kc8 43. Qxa7 Rg5 44. Bf2 Rf5 45. Qa6+ Kd7 46. Qb7+ Ke8 47. Qe4+ Re5 48. Qh7 Rd7 49. Qxh4 Rf7 50. Qd4 Ke7 51. Qxd3 Ke6 52. Nf3 Rd7 53. Nxe5 Rxd3 54. Nxd3 Kf5 55. c5 Ke4 56. c6 Kf3 57. c7 f5 58. c8=Q f4 59. Qg4+ Ke4 60. Qxf4+ Kxd3 61. Qd4+ Kc2 62. b4 Kb1 63. b5 Ka2 64. b6 Kb3 65. b7 Kc2 66. b8=Q Kc1 67. Qb1+ Kxb1 68. Qd2 Ka1 69. Bd4+ Kb1 70. Qb2# 1-0


[Site "https://www.chess.com"]

[Event "Titled Tuesday Blitz October 19 2021"]
[White "Mikhalevski, Victor"]
[Black "Garcia Ramos, Daniel"]
[WhiteFideId "2801914"]
[BlackFideId "32010311"]
[WhiteElo "2577"]
[BlackElo "2267"]
[Result "1-0"]
[Round "05"]
[TimeControl "180+1"]
[Date "2021.10.19"]
[WhiteClock "0:00:09"]
[BlackClock "0:00:01"]

1. d4 d5 2. c4 e6 3. Nf3 Nf6 4. g3 Bb4+ 5. Nbd2 O-O 6. Bg2 dxc4 7. Qc2 c5 8. dxc5 Bxc5 9. O-O Nc6 10. Nxc4 Bd7 11. Nce5 Nxe5 12. Qxc5 Nxf3+ 13. Bxf3 Bc6 14. Bxc6 Qc7 15. Bf4 Qxc6 16. Qxc6 bxc6 17. Rac1 Rfc8 18. Rc4 a5 19. Rfc1 Ra6 20. b3 Kf8 21. Ra4 Rca8 22. Bd2 Nd7 23. g4 Ke7 24. g5 f6 25. h4 e5 26. Kg2 Ke6 27. gxf6 gxf6 28. Rg4 a4 29. b4 Rf8 30. Rgc4 Kd6 31. b5 Rg8+ 32. Kf3 cxb5 33. Bb4+ Ke6 34. Rc6+ Rxc6 35. Rxc6+ Kd5 36. Rc7 e4+ 37. Ke3 Ne5 38. Rc5+ Ke6 39. Rxb5 Rg4 40. h5 Rh4 41. Rb6+ Kf5 42. Rb5 Rxh5 43. Ra5 Rh3+ 44. Kd4 Rh2 45. Ke3 Rh3+ 46. Kd2 e3+ 47. fxe3 Ke4 48. Rxa4 Nc4+ 49. Kc3 Nxe3 50. Bc5+ Kd5 51. Ba7 Nc4+ 52. Kb4 h5 53. e4+ Kxe4 54. Kxc4 Ke5 55. Ra5+ Kd6 56. Ra6+ Kc7 57. Rxf6 Ra3 58. Rf7+ Kc6 59. Bd4 Rxa2 60. Rf6+ Kc7 61. Kd5 Ra5+ 62. Bc5 Ra1 63. Rf7+ Kd8 64. Kc6 Ra6+ 65. Kd5 Ra1 66. Bd6 Ra5+ 67. Ke6 Kc8 68. Rc7+ Kd8 69. Rb7 Ra8 70. Rh7 Kc8 71. Rxh5 Kb7 72. Rb5+ Kc6 73. Rc5+ Kb6 74. Rc1 Ra4 75. Kd7 1-0


[Site "https://www.chess.com"]

[Event "Titled Tuesday Blitz October 19 2021"]
[White "Mischuk, Dmitry"]
[Black "Nguyen, Ngoc Truong Son"]
[WhiteFideId "14118734"]
[BlackFideId "12401110"]
[WhiteElo "2369"]
[BlackElo "2596"]
[Result "1/2-1/2"]
[Round "05"]
[TimeControl "180+1"]
[Date "2021.10.19"]
[WhiteClock "0:00:05"]
[BlackClock "0:00:04"]

1. e4 e5 2. Nf3 Nf6 3. Nxe5 d6 4. Nf3 Nxe4 5. c4 Nf6 6. Nc3 g6 7. d4 Bg7 8. Bd3 O-O 9. O-O Bg4 10. h3 Bxf3 11. Qxf3 Nc6 12. Be3 Nd7 13. Qf4 Qf6 14. Qxf6 Bxf6 15. Nd5 Bxd4 16. Bxd4 Nxd4 17. Nxc7 Rac8 18. Nd5 Kg7 19. b3 Rfe8 20. Rad1 Nc5 21. Bxg6 Ne2+ 22. Kh2 hxg6 23. g3 Ne6 24. Rd2 N2d4 25. Kg2 Nc6 26. Rfd1 Nc5 27. Nc3 Ne4 28. Nxe4 Rxe4 29. Rxd6 Re2 30. R1d2 Rxd2 31. Rxd2 Rc7 32. Kf3 Kf6 33. h4 Ne5+ 34. Kf4 Ke6 35. g4 f6 36. Rd5 b6 37. f3 Rh7 38. Kg3 f5 39. Rd8 fxg4 40. fxg4 Rf7 41. Re8+ Kd6 42. h5 g5 43. Rg8 Rf3+ 44. Kg2 Rf4 45. Rxg5 Rxg4+ 46. Rxg4 Nxg4 47. Kf3 Nf6 48. h6 Ke5 49. b4 Kf5 50. c5 bxc5 51. bxc5 Ke6 52. Kf4 Kd5 53. Kf5 Nh7 54. Kg6 Nf8+ 55. Kf7 Nh7 56. Kg6 Nf8+ 57. Kf7 Nh7 58. Kg6 1/2-1/2


[Site "https://www.chess.com"]

[Event "Titled Tuesday Blitz October 19 2021"]
[White "Moskalenko, Alexander"]
[Black "Piesik, Piotr"]
[WhiteFideId "4155351"]
[BlackFideId "1136194"]
[WhiteElo "2515"]
[BlackElo "2336"]
[Result "0-1"]
[Round "05"]
[TimeControl "180+1"]
[Date "2021.10.19"]
[WhiteClock "0:02:11"]
[BlackClock "0:02:06"]

1. e4 g6 2. d4 Bg7 3. Nc3 c6 4. Nf3 d6 5. h3 Nf6 6. Be3 O-O 7. Qd2 b5 8. Bd3 Nbd7 9. Bh6 e5 10. Bxg7 Kxg7 11. a4 b4 12. Ne2 c5 13. dxe5 Nxe5 14. Nxe5 dxe5 15. Qe3 Qa5 16. O-O Be6 17. f4 c4 18. f5 cxd3 19. cxd3 Bd7 20. d4 exd4 21. Nxd4 Qe5 22. Rae1 Rae8 23. Qf3 Qxd4+ 0-1


[Site "https://www.chess.com"]

[Event "Titled Tuesday Blitz October 19 2021"]
[White "Nakamura, Hikaru"]
[Black "Kamsky, Gata"]
[WhiteFideId "2016192"]
[BlackFideId "2000024"]
[WhiteElo "2884"]
[BlackElo "2603"]
[Result "1-0"]
[Round "05"]
[TimeControl "180+1"]
[Date "2021.10.19"]
[WhiteClock "0:00:08"]
[BlackClock "0:00:01"]

1. e4 e5 2. Nf3 Nc6 3. Bb5 Nf6 4. d3 d6 5. c3 Bd7 6. O-O g6 7. d4 Bg7 8. d5 Ne7 9. Bxd7+ Nxd7 10. c4 O-O 11. Nc3 h6 12. a3 a5 13. Rb1 f5 14. b4 axb4 15. axb4 Nf6 16. Nd2 Kh8 17. Bb2 Qd7 18. Qe2 g5 19. c5 fxe4 20. cxd6 cxd6 21. Ndxe4 Nexd5 22. Nxf6 Nxf6 23. Rfd1 Rad8 24. Nd5 Qe6 25. Nxf6 Bxf6 26. Rbc1 Rc8 27. Qd3 Rxc1 28. Bxc1 Rd8 29. Qg6 Qe7 30. Qxh6+ Kg8 31. Qg6+ Qg7 32. Qe4 Qf7 33. Qg4 Qd7 34. Qf3 Qf7 35. Rd5 Be7 36. Qe4 Qh7 37. Qc4 Kf8 38. h3 Qf5 39. Be3 Rc8 40. Qb5 g4 41. hxg4 Qb1+ 42. Qf1 Qxf1+ 43. Kxf1 Rc4 44. Rb5 Rxg4 45. Rxb7 d5 46. Rd7 Rxb4 47. Rxd5 e4 48. g3 Kf7 49. Kg2 Bf6 50. Rf5 Ke6 51. Ra5 Be5 52. Ra6+ Kf5 53. Kh3 Bd4 54. Ra5+ Kg6 55. Kg4 Bxe3 56. fxe3 Rb1 57. Ra6+ Kg7 58. Kf4 Rg1 59. g4 Rb1 60. Re6 Rb5 61. Rxe4 Kf6 62. Ra4 Rc5 63. Ra6+ Kf7 64. e4 Rb5 65. g5 Rb1 66. g6+ Kg7 67. Rd6 Rb5 68. e5 Rb1 69. Rf6 Re1 70. Kg5 Rg1+ 71. Kf5 Rb1 72. Rf7+ Kg8 73. Ra7 Rb6 74. e6 Rb1 75. Ra8+ Kg7 76. e7 1-0


[Site "https://www.chess.com"]

[Event "Titled Tuesday Blitz October 19 2021"]
[White "Obolenskikh, Dmitry"]
[Black "Paltrinieri, Nicholas"]
[WhiteFideId "4156013"]
[BlackFideId "828262"]
[WhiteElo "2541"]
[BlackElo "2254"]
[Result "0-1"]
[Round "05"]
[TimeControl "180+1"]
[Date "2021.10.19"]
[WhiteClock "0:00:12"]
[BlackClock "0:00:14"]

1. Nf3 e6 2. c4 f5 3. Nc3 Nf6 4. g3 d6 5. Bg2 Be7 6. O-O O-O 7. d3 Nc6 8. Rb1 a5 9. a3 e5 10. b4 axb4 11. axb4 Qe8 12. Bg5 Qh5 13. b5 Nd8 14. Bxf6 Bxf6 15. Nd5 Ne6 16. e3 Bd8 17. Nd2 Qh6 18. Nb3 f4 19. exf4 exf4 20. Rb2 Ra3 21. Qc1 Qh5 22. Re1 f3 23. Bf1 Ng5 24. Nd4 Bh3 25. Bxh3 Qxh3 26. Ne3 Rxd3 27. Rd2 Rxd2 28. Qxd2 Re8 29. Qc2 Bf6 30. Ndf5 g6 31. c5 gxf5 32. b6 cxb6 33. cxd6 Bd4 34. Qc4+ Kf8 35. Qxd4 Rxe3 36. Qf6+ Nf7 37. Qe7+ Rxe7 38. dxe7+ Ke8 0-1


[Site "https://www.chess.com"]

[Event "Titled Tuesday Blitz October 19 2021"]
[White "Obregon, Andres Carlos"]
[Black "Ajay, Karthikeyan"]
[WhiteFideId "111724"]
[BlackFideId "35011685"]
[WhiteElo "2572"]
[BlackElo "2183"]
[Result "1-0"]
[Round "05"]
[TimeControl "180+1"]
[Date "2021.10.19"]
[WhiteClock "0:00:16"]
[BlackClock "0:00:02"]

1. e4 c5 2. Nf3 g6 3. d4 cxd4 4. Nxd4 Nc6 5. Nc3 Bg7 6. Be3 Nf6 7. Bc4 Qa5 8. O-O O-O 9. Bb3 d6 10. h3 Bd7 11. Re1 Rfc8 12. Nd5 Re8 13. Nxc6 Bxc6 14. Bd2 Qd8 15. Nxf6+ Bxf6 16. Qf3 Rf8 17. Rad1 Bg7 18. Bg5 Qc7 19. h4 h6 20. Bf4 h5 21. Qg3 Kh7 22. e5 dxe5 23. Bxe5 Bxe5 24. Rxe5 Rac8 25. c3 f6 26. Bc2 f5 27. Rde1 Rf7 28. Qg5 Re8 29. Re6 Rg7 30. Rxg6 Rxg6 31. Bxf5 Qd6 32. Re3 Kg7 33. Bxg6 Qxg6 34. Qe5+ Qf6 35. Rg3+ Kf7 36. Qxh5+ Kf8 37. Rg6 1-0


[Site "https://www.chess.com"]

[Event "Titled Tuesday Blitz October 19 2021"]
[White "Ovetchkin, Roman"]
[Black "Kezin, Roman"]
[WhiteFideId "4119991"]
[BlackFideId "24124621"]
[WhiteElo "2432"]
[BlackElo "2557"]
[Result "0-1"]
[Round "05"]
[TimeControl "180+1"]
[Date "2021.10.19"]
[WhiteClock "0:00:13"]
[BlackClock "0:00:29"]

1. d4 d5 2. c4 e6 3. Nf3 Nf6 4. g3 dxc4 5. Bg2 c6 6. Ne5 Bb4+ 7. Bd2 Be7 8. e3 b5 9. b3 cxb3 10. axb3 Bb7 11. O-O O-O 12. Qe2 Nfd7 13. Nd3 a5 14. Rc1 Qb6 15. Nc3 Na6 16. Ne4 b4 17. Qh5 f5 18. Ng5 Bxg5 19. Qxg5 c5 20. Bxb7 Qxb7 21. Rxa5 cxd4 22. Qe7 Ndc5 23. Qxb7 Nxb7 24. Rb5 Nd6 25. Rb6 Ne4 26. Bxb4 Nxb4 27. Rxb4 dxe3 28. fxe3 Rfd8 29. Nf2 Ng5 30. Rc2 Nf3+ 31. Kf1 Ra1+ 0-1


[Site "https://www.chess.com"]

[Event "Titled Tuesday Blitz October 19 2021"]
[White "Praggnanandhaa R"]
[Black "Nigmatov, Ortik"]
[WhiteFideId "25059530"]
[BlackFideId "14202131"]
[WhiteElo "2599"]
[BlackElo "2346"]
[Result "1-0"]
[Round "05"]
[TimeControl "180+1"]
[Date "2021.10.19"]
[WhiteClock "0:00:08"]
[BlackClock "0:00:01"]

1. e4 c5 2. Nf3 e6 3. Nc3 d6 4. g3 a6 5. Bg2 Nf6 6. O-O Be7 7. e5 dxe5 8. Nxe5 O-O 9. a4 Nbd7 10. Nc4 Qc7 11. d3 Re8 12. Re1 e5 13. a5 h6 14. f4 Bd6 15. Nxd6 Qxd6 16. fxe5 Nxe5 17. Bf4 Bg4 18. Qd2 Qd4+ 19. Be3 Qd6 20. Qf2 Qd7 21. Bxc5 Bh3 22. Bxh3 Qxh3 23. Qg2 Qh5 24. Rf1 Nxd3 25. Bd4 Ne5 26. Rxf6 gxf6 27. Rf1 Rad8 28. Bb6 Rd6 29. h3 f5 30. Bc7 Rc6 31. Nd5 Qg6 32. Bd8 Rce6 33. Nf4 Qg7 34. Nxe6 fxe6 35. Bb6 Ng6 36. Rd1 Qe5 37. Kh2 Re7 38. Rd8+ Kh7 39. Qf2 h5 40. Qf3 f4 41. gxf4 Nxf4 42. Bd4 Qc7 43. Rh8+ Kg6 44. Qg3+ Kf5 45. Rf8+ Ke4 46. Bc3 Rd7 47. Rf6 h4 48. Qxh4 Qd6 49. Qe1+ Ne2+ 50. Kh1 Qd1 51. Rxe6+ Kf3 52. Rf6+ Ke3 53. Rf1 1-0


[Site "https://www.chess.com"]

[Event "Titled Tuesday Blitz October 19 2021"]
[White "Sethuraman, S.P."]
[Black "Jobava, Baadur"]
[WhiteFideId "5021596"]
[BlackFideId "13601520"]
[WhiteElo "2477"]
[BlackElo "2731"]
[Result "0-1"]
[Round "05"]
[TimeControl "180+1"]
[Date "2021.10.19"]
[WhiteClock "0:00:04"]
[BlackClock "0:01:15"]

1. d4 d5 2. c4 c6 3. Nf3 Nf6 4. e3 Bf5 5. Nc3 e6 6. Nh4 g6 7. Qb3 Qe7 8. Nxf5 gxf5 9. g3 Qb4 10. Qxb4 Bxb4 11. Bd2 Nbd7 12. f3 a5 13. Rc1 h5 14. Kf2 h4 15. Be2 Ke7 16. a3 Bd6 17. cxd5 exd5 18. Bd3 Ke6 19. Ne2 a4 20. Rcg1 Nb6 21. Nf4+ Bxf4 22. gxf4 Nc4 23. Bc1 Rhg8 24. Rg5 Rxg5 25. fxg5 Ne8 26. Rg1 Ned6 27. g6 f6 28. Kg2 Ke7 29. Kh3 Kf8 30. Kxh4 Kg7 31. Kg3 Rh8 32. Rg2 Kxg6 33. Kf4+ Kf7 34. Bxf5 Nxf5 35. Kxf5 Rh4 36. Rg4 Rxh2 37. e4 Rf2 38. exd5 cxd5 39. Kf4 Rf1 40. Be3 Nxb2 41. Rh4 Kg6 42. Rg4+ Kf7 43. Rh4 Re1 44. Rh7+ Kg6 45. Rxb7 Nd3+ 46. Kg3 Rxe3 47. Rb5 f5 0-1


[Site "https://www.chess.com"]

[Event "Titled Tuesday Blitz October 19 2021"]
[White "Shtembuliak, Evgeny"]
[Black "Svidler, Peter"]
[WhiteFideId "14113325"]
[BlackFideId "4102142"]
[WhiteElo "2504"]
[BlackElo "2709"]
[Result "0-1"]
[Round "05"]
[TimeControl "180+1"]
[Date "2021.10.19"]
[WhiteClock "0:00:18"]
[BlackClock "0:00:12"]

1. e4 c5 2. Nc3 Nc6 3. Bb5 Nd4 4. Bc4 e6 5. Nge2 a6 6. Nxd4 cxd4 7. Ne2 Nf6 8. d3 d5 9. exd5 Nxd5 10. Nxd4 Nb6 11. Nf3 Nxc4 12. dxc4 Qc7 13. Qd4 b5 14. cxb5 axb5 15. O-O Qxc2 16. Bh6 f6 17. Rac1 Qa4 18. Qc3 Bd7 19. Be3 Be7 20. Rfd1 b4 21. Qc7 Rc8 22. Qxc8+ Bxc8 23. Rxc8+ Kf7 24. b3 Qxa2 25. Rxh8 Qxb3 26. Rc1 Qd3 27. Rb8 Bd6 28. Rb7+ Kg6 29. h4 h5 30. Bd2 b3 31. Rc3 Qb1+ 32. Be1 b2 33. Rcb3 Be5 34. g3 Bd4 35. Kg2 Qd1 36. Nxd4 Qxd4 37. Rxb2 Qe4+ 38. Kf1 Qh1+ 39. Ke2 Qe4+ 40. Kd2 Qd4+ 41. Kc2 Qc5+ 42. Kd1 Qd4+ 43. Bd2 Qxf2 44. R7b3 Qf1+ 45. Be1 Qf5 46. Rc2 Qd5+ 47. Ke2 Qxb3 48. Rd2 Qc4+ 49. Rd3 Kf5 50. Bd2 Kg4 51. Be3 e5 52. Kd2 Qa2+ 53. Ke1 Kxg3 54. Bh6+ Kxh4 55. Bxg7 Qb1+ 56. Ke2 Qb5 57. Bxf6+ Kg4 58. Ke3 Qb6+ 59. Ke2 Qxf6 0-1


[Site "https://www.chess.com"]

[Event "Titled Tuesday Blitz October 19 2021"]
[White "Solon, Nathan"]
[Black "Sanal, Vahap"]
[WhiteFideId "2017229"]
[BlackFideId "6300545"]
[WhiteElo "2678"]
[BlackElo "2492"]
[Result "0-1"]
[Round "05"]
[TimeControl "180+1"]
[Date "2021.10.19"]
[WhiteClock "0:00:03"]
[BlackClock "0:00:54"]

1. d4 Nf6 2. Bg5 d5 3. e3 e6 4. Bd3 c5 5. c3 Nc6 6. Nf3 Be7 7. Nbd2 h6 8. Bh4 Bd7 9. O-O Qb6 10. Rb1 cxd4 11. exd4 Qc7 12. Re1 Bd6 13. Bg3 Bxg3 14. hxg3 a6 15. Ne5 Nxe5 16. dxe5 Ng8 17. Qg4 g5 18. Nf3 Ne7 19. Qh5 Rf8 20. Qxh6 g4 21. Nd4 O-O-O 22. Qf6 Nc6 23. b4 Nxd4 24. cxd4 Kb8 25. b5 Qc3 26. bxa6 Qxd3 27. Rxb7+ Ka8 28. Qe7 Qc3 29. Reb1 Qc6 30. Qb4 Rc8 31. Rxd7 Qxd7 32. Qb7+ Qxb7 33. axb7+ Ka7 34. bxc8=Q Rxc8 35. Rb2 Rc1+ 36. Kh2 Rd1 37. f3 Rxd4 38. Rf2 Kb6 39. fxg4 Rxg4 40. Rxf7 Rg5 41. g4 d4 42. Rd7 Kc5 43. Kg3 Rxe5 44. Kf4 Re2 45. a4 e5+ 46. Kf3 Re3+ 47. Kf2 Re4 48. Kf3 Rf4+ 49. Kg3 Rf8 50. g5 e4 51. g6 d3 52. g7 Re8 53. Re7 Rg8 54. Rxe4 d2 55. Re5+ Kd6 0-1


[Site "https://www.chess.com"]

[Event "Titled Tuesday Blitz October 19 2021"]
[White "Svane, Rasmus"]
[Black "Goltsev, Dmitry"]
[WhiteFideId "4657101"]
[BlackFideId "24176710"]
[WhiteElo "2643"]
[BlackElo "2334"]
[Result "1-0"]
[Round "05"]
[TimeControl "180+1"]
[Date "2021.10.19"]
[WhiteClock "0:00:33"]
[BlackClock "0:00:01"]

1. Nf3 d5 2. g3 c6 3. Bg2 Nf6 4. O-O g6 5. c4 Bg7 6. Qb3 O-O 7. d4 dxc4 8. Qxc4 Nbd7 9. Qc2 Nb6 10. e4 Bg4 11. Be3 Qc8 12. Nc3 Bh3 13. Rfd1 Nc4 14. Bf4 Bxg2 15. Kxg2 Nh5 16. Bg5 f6 17. Qe2 Nxb2 18. Qxb2 fxg5 19. Nxg5 Qg4 20. Nh3 Rf7 21. Qe2 Qd7 22. Ng5 Raf8 23. Nxf7 Rxf7 24. e5 Qf5 25. Ne4 Bh6 26. Rd3 Qd7 27. Nc3 Rf4 28. d5 Rh4 29. Kg1 Nf4 30. gxf4 Bxf4 31. h3 Rxh3 32. e6 Bh2+ 33. Kg2 1-0


[Site "https://www.chess.com"]

[Event "Titled Tuesday Blitz October 19 2021"]
[White "Tang, Andrew"]
[Black "Nogerbek, Kazybek"]
[WhiteFideId "2059630"]
[BlackFideId "13710427"]
[WhiteElo "2588"]
[BlackElo "2436"]
[Result "1-0"]
[Round "05"]
[TimeControl "180+1"]
[Date "2021.10.19"]
[WhiteClock "0:00:06"]
[BlackClock "0:00:03"]

1. d4 Nf6 2. c4 e6 3. Nc3 d5 4. cxd5 exd5 5. Bg5 c5 6. Bxf6 Qxf6 7. Nxd5 Qd8 8. dxc5 Bxc5 9. e3 O-O 10. Bc4 Qg5 11. Nf3 Qxg2 12. Rg1 Qh3 13. Rg3 Qh6 14. Qd3 Nc6 15. O-O-O Be6 16. Rdg1 g6 17. Nf6+ Kh8 18. Bxe6 fxe6 19. Nd7 Rf5 20. Qc3+ Qg7 21. e4 Qxc3+ 22. bxc3 Rh5 23. R1g2 Be7 24. Ng5 Rxg5 25. Rxg5 Rd8 26. Nc5 Bxg5+ 27. Rxg5 b6 28. Nxe6 Re8 29. Nd4 Nxd4 30. cxd4 Rxe4 31. Rd5 Re7 32. Kd2 Kg7 33. Rd8 Kf6 34. Kd3 Ke6 35. f4 Kf5 36. Rf8+ Kg4 37. d5 Re1 38. Rf7 h5 39. Rxa7 Kxf4 40. Rb7 g5 41. Rxb6 g4 42. Rf6+ Kg5 43. Rf2 h4 44. Rd2 Kf5 45. Kd4 Rg1 46. Kc5 h3 47. d6 Rg2 48. Rd5+ Ke6 49. d7 Rc2+ 50. Kb6 Rb2+ 51. Kc7 Rc2+ 52. Kb7 Rb2+ 53. Ka7 Rxa2+ 54. Kb6 Rb2+ 55. Ka5 Ra2+ 56. Kb4 Kxd5 57. d8=Q+ Ke4 58. Qe7+ Kf3 59. Qb7+ Kf2 60. Qe4 Rb2+ 61. Kc3 Re2 62. Qxg4 Re3+ 63. Kd2 Rf3 64. Kd1 Rd3+ 65. Kc2 Rf3 66. Kd2 Re3 67. Qd4 Kg2 68. Qxe3 Kxh2 69. Ke2 Kg2 70. Qf2+ Kh1 71. Kf3 h2 72. Qf1# 1-0


[Site "https://www.chess.com"]

[Event "Titled Tuesday Blitz October 19 2021"]
[White "Timofeev, Artyom"]
[Black "Yanchenko, Roman"]
[WhiteFideId "4140419"]
[BlackFideId "4137329"]
[WhiteElo "2591"]
[BlackElo "2514"]
[Result "1-0"]
[Round "05"]
[TimeControl "180+1"]
[Date "2021.10.19"]
[WhiteClock "0:00:39"]
[BlackClock "0:00:04"]

1. c4 g6 2. Nc3 Bg7 3. g3 c5 4. Bg2 Nc6 5. Nf3 Nf6 6. O-O O-O 7. d4 cxd4 8. Nxd4 a6 9. e3 e5 10. Nc2 d6 11. b3 Bg4 12. Qd2 Qd7 13. Bb2 Rfd8 14. e4 Bh3 15. Rad1 h5 16. Ne3 h4 17. Ned5 Bxg2 18. Kxg2 h3+ 19. Kh1 Rab8 20. Nxf6+ Bxf6 21. Nd5 Bg7 22. f4 Qg4 23. Ne3 Qh5 24. f5 Bh6 25. Qf2 Rd7 26. Nd5 Bg5 27. Bc1 Kg7 28. Rde1 Nd4 29. Bb2 Nc6 30. a4 Qg4 31. Qf3 Qxf3+ 32. Rxf3 Nd4 33. Bxd4 exd4 34. g4 b5 35. cxb5 axb5 36. Rxh3 bxa4 37. bxa4 Ra7 38. Ra3 Rb2 39. a5 d3 40. Rd1 d2 41. Kg1 gxf5 42. gxf5 Kh6 43. Kf1 Kh5 44. Ke2 Kg4 45. Rg1+ Kh5 46. Rh3+ 1-0


[Site "https://www.chess.com"]

[Event "Titled Tuesday Blitz October 19 2021"]
[White "Tutisani, Noe"]
[Black "Krsnik Cohar, Ivan Vihor"]
[WhiteFideId "13602853"]
[BlackFideId "14520044"]
[WhiteElo "2227"]
[BlackElo "2414"]
[Result "0-1"]
[Round "05"]
[TimeControl "180+1"]
[Date "2021.10.19"]
[WhiteClock "0:00:10"]
[BlackClock "0:00:19"]

1. e4 e5 2. Nf3 Nc6 3. Bb5 a6 4. Ba4 Nf6 5. O-O Nxe4 6. d4 b5 7. Bb3 d5 8. dxe5 Be6 9. Qe2 Be7 10. Rd1 O-O 11. c4 bxc4 12. Bxc4 Bc5 13. Be3 Bxe3 14. Qxe3 Qb8 15. Bb3 Na5 16. Na3 Nxb3 17. axb3 c5 18. Nc2 a5 19. Ra3 h6 20. Rda1 Qc7 21. Nfe1 Rfb8 22. f3 Ng5 23. f4 Ne4 24. h3 h5 25. Nf3 Bf5 26. Qe1 c4 27. Ncd4 Bd7 28. Rc1 Qb6 29. Kh2 a4 30. bxc4 Qxb2 31. Re3 a3 32. cxd5 a2 33. Nc2 Nc5 34. Nfd4 Ba4 35. e6 Nb3 36. exf7+ Kf8 37. Ne6+ Kxf7 38. Qh4 Nxc1 39. Qxh5+ Kg8 40. Ng5 Bxc2 41. Qf7+ Kh8 42. Qh5+ Kg8 43. Qf7+ Kh8 44. f5 Bxf5 45. Qxf5 g6 46. Qxg6 Qg7 47. Qh5+ Kg8 48. Ne6 a1=Q 49. Nxg7 Qxg7 50. Rg3 Rb7 51. d6 Qxg3+ 52. Kxg3 Rg7+ 53. Kh2 Rd8 54. Qd5+ Kf8 55. Qf5+ Rf7 56. Qe6 Nd3 57. h4 Nf4 58. Qh6+ Ke8 59. h5 Kd7 60. Qg5 Rdf8 61. h6 Ne6 62. Qg4 Rh7 63. Qg6 Rfh8 64. Kg1 Rxh6 65. Qf7+ Kxd6 66. Kf2 Rf8 0-1


[Site "https://www.chess.com"]

[Event "Titled Tuesday Blitz October 19 2021"]
[White "Weichhold, Pawel"]
[Black "Yilmaz, Mustafa"]
[WhiteFideId "1139703"]
[BlackFideId "6302718"]
[WhiteElo "2309"]
[BlackElo "2518"]
[Result "0-1"]
[Round "05"]
[TimeControl "180+1"]
[Date "2021.10.19"]
[WhiteClock "0:00:21"]
[BlackClock "0:00:23"]

1. e4 e5 2. Nf3 Nc6 3. Bb5 a6 4. Ba4 Nf6 5. O-O Be7 6. Re1 b5 7. Bb3 O-O 8. c3 d5 9. d4 Nxe4 10. dxe5 Be6 11. Be3 Na5 12. Bc2 c5 13. Nbd2 Nxd2 14. Bxd2 Bg4 15. h3 Bh5 16. g4 Bg6 17. Bf5 Nc4 18. b3 Nb6 19. Kg2 Qc7 20. h4 Qc6 21. h5 Bxf5 22. gxf5 a5 23. Kh2 Rfe8 24. Rg1 Bf8 25. Bf4 b4 26. cxb4 axb4 27. Rg3 d4 28. Qd3 Nd5 29. Bd2 f6 30. Rag1 fxe5 31. h6 e4 32. Qc4 exf3 33. hxg7 Bd6 34. f6 Ra7 35. Kh1 Bxg3 36. Rxg3 Rf7 37. Rg5 Nxf6 38. Rf5 Qe6 39. Qd3 Qe2 40. Qxe2 fxe2 41. Be1 Ne4 0-1


[Site "https://www.chess.com"]